 Dungeon Crawl Stone Soup version 0.30-a0-118-ga018f8e90f (webtiles) character file.

Game seed: 12347216990239752861

7308 kae the Geomancer (level 11, 0/64 HPs)
             Began as a Gargoyle Earth Elementalist on Sept 13, 2022.
             Was an Initiate of Ru.
             Slain by a yak (9 damage)
             ... on level 9 of the Dungeon.
             The game lasted 00:12:33 (9627 turns).

kae the Geomancer (Gargoyle Earth Elementalist)     Turns: 9627, Time: 00:12:34

Health: 0/64       AC: 32    Str: 12    XL:     11   Next: 13%
Magic:  3/19       EV: 10    Int: 29    God:    Ru [......]
Gold:   474        SH:  0    Dex: 10    Spells: 11/21 levels left

rFire   . . .      SeeInvis .    v - +7 staff of the Meek {protect, meekguard}
rCold   . . .      Faith    .    (shield currently unavailable)
rNeg    + + .      Spirit   .    h - +1 ring mail of Gefebba {rElec Regen+ Int+6 Slay-4}
rPois   ∞          Reflect  .    m - +1 helmet {Int+3}
rElec   +          Harm     .    e - +0 cloak
rCorr   .          Rampage  .    (no gloves)
Will    .....                    (no boots)
Stlth   +.........               (no amulet)
HPRegen 1.00/turn                N - ring of positive energy
MPRegen 0.16/turn                Y - +4 ring of slaying

@: under a protective aura
A: sickness immunity, AC +8, negative energy resistance 1, electricity
resistance, torment resistance 1, petrification resistance
a: Renounce Religion


You were on level 9 of the Dungeon.
You worshipped Ru.
Ru was noncommittal.
You visited 2 branches of the dungeon, and saw 11 of its levels.

You collected 474 gold pieces.


Innate Abilities, Weirdness & Mutations

You are immune to sickness and miasma.
Your stone body is resilient. (AC +8)
You are immune to poison.
You resist negative energy. (rN+)
You are resistant to electric shocks. (rElec)
You are resistant to unholy torment.
You are immune to petrification.


   Skills:
 + Level 6.1 Fighting
 + Level 5.4 Staves
 + Level 6.0 Armour
 - Level 1.5 Dodging
 - Level 2.1 Stealth
 + Level 5.9 Spellcasting
 * Level 9.2 Conjurations
 - Level 0.7 Transmutations
 * Level 11.1 Earth Magic


You had 11 spell levels left.
You knew the following spells:

 Your Spells              Type           Power      Damage    Failure   Level
a - Sandblast             Erth           100%       2d20      1%          1
b - Passwall              Tmut/Erth      35%        N/A       1%          2
c - Stone Arrow           Conj/Erth      100%       3d13      1%          3
d - Petrify               Tmut/Erth      43%        N/A       10%         4

Your spell library contained the following spells:

 Spells                   Type           Power      Damage    Failure   Level
 Static Discharge         Conj/Air       70%        3-8/arc   2%          2
 Slow                     Hex            32%        N/A       12%         1
 Hailstorm                Conj/Ice       35%        3d9       17%         4
 Sticky Flame             Conj/Fire      35%        2d5       17%         4
 Confusing Touch          Hex            8%         N/A       34%         3
 Vampiric Draining        Necr           8%         2d6       34%         3
 Ice Form                 Ice/Tmut       10%        N/A       69%         4
 Dispel Undead            Necr           8%         3d8       75%         4
 Simulacrum               Ice/Necr       4%         N/A       100%        6

Inventory:

Hand Weapons
 t - a +1 hand axe of protection
   (You found it on level 3 of the Dungeon)
 v - the +7 staff of the Meek (weapon) {protect, meekguard}
   (You found it on level 4 of the Dungeon)

   It grants its wielder temporary protection when it strikes (+7 to AC).
   It provides extra protection to wielders with little health.
Missiles
 c - 28 poisoned darts
 d - 121 stones
 A - 2 throwing nets {=f!f}
 G - a curare-tipped dart {=f}
Armour
 a - a +0 robe
 e - a +0 cloak (worn)
   (You found it on level 1 of the Dungeon)
 h - the +1 ring mail of Gefebba (worn) {rElec Regen+ Int+6 Slay-4}
   (You acquired it on level 7 of the Dungeon)

   Int:       It affects your intelligence (+6).
   Slay:      It affects your accuracy & damage with ranged weapons and melee
   (-4).
   rElec:     It insulates you from electricity.
   Regen:     It increases your rate of health regeneration.
 m - a +1 helmet of intelligence (worn)
   (You found it on level 3 of the Dungeon)
 p - the +4 robe of Augmentation {Str+4 Int+4 Dex+4}
   (You found it on level 3 of the Dungeon)

   Str:       It affects your strength (+4).
   Int:       It affects your intelligence (+4).
   Dex:       It affects your dexterity (+4).
Magical Staves
 w - a staff of air {!a}
   (You found it on level 5 of the Dungeon)
Jewellery
 N - a ring of positive energy (left hand)
   (You found it on level 3 of the Dungeon)
 R - a ring of resist corrosion
   (You found it on level 5 of the Dungeon)
 W - a ring of magical power
   (You found it on level 9 of the Dungeon)
 Y - a +4 ring of slaying (right hand)
   (You found it on level 2 of the Dungeon)
Wands
 s - a wand of paralysis (22)
   (You found it on level 3 of the Dungeon)
Scrolls
 g - a scroll of magic mapping {!r}
 k - a scroll of poison
 n - a scroll of vulnerability {!r!r}
 x - a scroll of silence {!r}
 y - 3 scrolls of teleportation {@r4}
 C - 3 scrolls of blinking {!r}
Potions
 b - a potion of magic
 f - 4 potions of curing {@q1}
 i - 3 potions of attraction {!q}
 j - a potion of lignification {!q}
 l - 2 potions of resistance
 o - a potion of mutation {unknown}
 q - a potion of cancellation
 r - 5 potions of heal wounds {@q2}
 u - 2 potions of degeneration {!q}
 z - 2 potions of haste {@q3}
 B - a potion of might
 D - 2 potions of brilliance

Dungeon Overview and Level Annotations

Branches:
Dungeon (10/15) Zot: 26962  Temple (1/1) D:5 Zot: 5718    Lair (0/5) D:9
    Orc: D:9-12

Altars:
Ashenzari
Cheibriados
Dithmenos
Elyvilon
Fedhas
Gozag
Hepliaklqana
Kikubaaqudgha
Makhleb
Nemelex Xobeh
Qazlal
Ru
Sif Muna
Trog
Uskayaw
Vehumet
Wu Jian
Xom
Yredelemnul
Zin
The Shining One

Shops:
D:2 [   D:9 :

Annotations:
D:2 exclusion: upstairs
D:5 Duvessa
D:8 3 runed translucent doors, QuickerDeath's ghost, novice MeCj

###.########.....######.##.#
#.# ##...)...# #.##.#
#.#####......#.######.##.#
#........................#
#######......#.######.####
##...#.#.######.# #
#####.#........# #
#.........########
#@#.#####......... #Y#.#
#..#####.# ########.#.### #..#
#.# ###
#............###..#####.#
##.###.######..............#.#
##.#.##.# ##...#####.###.#.#
#.###...# #..[..# #.# #.#.#
##.#.#### ##...## #.###.#.#
##.## ##.## #.......#


You could see a yak.


Message History

You lost 3 mp, and now have 1/19 mp.
Unknown command.
Casting: Stone Arrow (safe; 1% risk of failure)
Confirm with . or Enter, or press ? or * to list all spells.
You don't have enough magic to cast this spell.
Casting: Stone Arrow (safe; 1% risk of failure)
Confirm with . or Enter, or press ? or * to list all spells.
You don't have enough magic to cast this spell.
You sock the yak!
Your weapon exudes an aura of protection.
The yak barely misses you. The yak gores you but does no damage.
The yak barely misses you.
The yak gores you but does no damage. 😮 HP[+1] MP[+1]
You hit the yak. The yak closely misses you.
The yak gores you but does no damage. The yak barely misses you.
The yak gores you. 😮 HP[-4]
You take 4 damage, and now have 37/64 hp.
You sock the yak!
The yak gores you but does no damage. x2; The yak gores you.
The yak barely misses you. 😮 HP[-1]
You take 1 damage, and now have 36/64 hp.
Unknown command.
You sock the yak! The yak barely misses you. The yak misses you.
The yak gores you but does no damage. x2 😮 HP[+1]
You sock the yak! The yak gores you but does no damage. The yak misses you.
The yak gores you but does no damage. The yak completely misses you. 😮 HP[+1]
You hit the yak.
The yak gores you but does no damage. x3
The yak closely misses you. 😮 HP[+1] MP[+1]
You sock the yak!
You kill the yak!
The yak gores you!
* * * LOW HITPOINT WARNING * * *
The yak barely misses you. x2 😨 HP[-11]
You take 11 damage, and now have 28/64 hp.
Unknown command.
The yak attacks as you move away! The yak gores you but does no damage.
The yak closely misses you. 😨 HP[+1]
The yak gores you but does no damage.
There is a stone staircase leading up here. 😨 HP[+1]
The yak completely misses you. The yak gores you.
* * * LOW HITPOINT WARNING * * *
You climb upwards.
There is a stone staircase leading down here.
Unknown command.
You hit the yak.
Your weapon exudes an aura of protection.
The yak barely misses you.
The yak gores you but does no damage. 😨 HP[+1] MP[+1]
You sock the yak!
The yak gores you but does no damage. x2 😨 HP[+1]
You sock the yak! The yak gores you!
* * * LOW HITPOINT WARNING * * *
The yak barely misses you. 😨 HP[-8]
You take 8 damage, and now have 24/64 hp.
You hit the yak. The yak gores you.
* * * LOW HITPOINT WARNING * * *
The yak gores you but does no damage. 😨 HP[-5]
You take 5 damage, and now have 19/64 hp.
You closely miss the yak. The yak gores you.
* * * LOW HITPOINT WARNING * * *
The yak gores you but does no damage. 😱 HP[-4]
You take 4 damage, and now have 15/64 hp.
You barely miss the yak. The yak gores you but does no damage.
The yak gores you.
* * * LOW HITPOINT WARNING * * *
You sock the yak! The yak gores you but does no damage. The yak gores you!
* * * LOW HITPOINT WARNING * * *
😱 HP[-10] MP[+1]
You take 10 damage, and now have 5/64 hp.
You hit the yak.
The yak gores you but does no damage. x2 😱 HP[+1]
Casting: Stone Arrow (safe; 1% risk of failure)
Confirm with . or Enter, or press ? or * to list all spells.
Aiming: Sandblast (safe; 1% risk of failure)
Press: ? - help, Shift-Dir - straight line, f - yak
Aim: a yak (heavily wounded, 91% to hit)
The blast of sand hits the yak!!
The yak barely misses you. x3
The yak gores you but does no damage. 😱 HP[+2] MP[-1]
You regained 2 hp, and now have 8/64 hp.
You lost 1 mp, and now have 4/19 mp.
Casting: Sandblast (safe; 1% risk of failure)
Confirm with . or Enter, or press ? or * to list all spells.
Aiming: Sandblast (safe; 1% risk of failure)
Press: ? - help, Shift-Dir - straight line, f/p - yak
Aim: a yak (almost dead, 91% to hit)
The blast of sand hits the yak!
You kill the yak!
The yak gores you!
You die...

Skill      XL: |  1  2  3  4  5  6  7  8  9 10 11 |
---------------+----------------------------------+-----
Earth Magic    | 4 5 6 7 8 9 11 | 11.1
Conjurations   | 1 2 3 4 6 7 9 |  9.2
Spellcasting   | 3 4 5 |  5.9
Armour         | 1 2 4 5 6 |  6.0
Fighting       | 1 2 4 5 6 |  6.1
Staves         | 1 2 3 4 5 |  5.4
Dodging        | |  1.5
Stealth        | |  2.1
Transmutations | |  0.7

Action                   |  1- 3 |  4- 6 |  7- 9 | 10-12 || total
-------------------------+-------+-------+-------+-------++-------
Melee: Unarmed           |     8 |       |       |       ||     8
       Quarterstaff      |       |       |     1 |    95 ||    96
 Cast: Sandblast         |    49 |    43 |    71 |    95 ||   258
       Stone Arrow       |       |       |    19 |     6 ||    25
       Passwall          |       |       |       |     2 ||     2
Invok: Reject Sacrifices |       |       |       |     1 ||     1
Evoke: Wand              |       |       |     2 |       ||     2
  Use: Scroll            |     8 |     3 |     6 |     4 ||    21
Armor: Robe              |    12 |     5 |     6 |       ||    23
       Ring mail         |       |       |    12 |   147 ||   159
Dodge: Dodged            |    13 |    15 |    18 |    98 ||   144

Levels and vault maps discovered:
D:1:      elethiomel_arrival_shortcut, layout_basic,
          shapermc_ecumenical_altar_hornbeckon, minmay_stone_trees_small,
          amcnicky_mini_corridor_feature, amcnicky_mini_rare_corridor_liquid,
          serial_park_tiny_1, minmay_tromino_i2
D:2:      layout_loops_ring, serial_shops, shop
D:3:      layout_loops_corners, serial_park_tiny_1
D:4:      nicolae_cairo_tiling_large, layout_cave_pods,
          hangedman_abyss_or_decor_lesser_grid, minivault_4, minivault_25,
          serial_park_tiny_1
D:5:      layout_cave_pools, minmay_temple_entry_ruins, serial_bayou_lagoon_a,
          uniq_sigmund, uniq_duvessa, uniq_crazy_yiuf_cottage
D:6:      layout_basic, kennysheep_mini_moat, minmay_diced_spiral
D:7:      layout_cave_pods
D:8:      layout_loops_cross, mainiacjoe_overflow_catwalk,
          nicolae_overflow_hallway_of_the_gods, serial_co_window_serial,
          co_window_corner_a, co_window_corner_a, co_window_paths_b,
          co_window_paths_b, co_window_paths_b, co_window_of_opportunity_a,
          co_window_of_opportunity_a, co_window_broadway_b, co_window_corner_ca,
          co_window_cross_3, co_window_unsneaky_path_a, co_window_broadway_a,
          glass_columns_a, glass_columns_c, gammafunk_ghost_hydra_chop
D:9:      layout_loops_corners, nemelex_spade_bored_becter, david_lair_generic,
          serial_shops, shop
D:10:     layout_gridville, mainiacjoe_overflow_alcove_1, orc_0_dummy,
          minmay_gold_behind_fungi, grunt_ministairs_5, nicolae_shop_clearance
Temple:   nicolae_temple_figure_eight

Notes
Turn   | Place    | Note
-------+----------+-------------------------------------------
     0 | D:1      | kae the Gargoyle Earth Elementalist began the quest for the
                  | Orb.
     0 | D:1      | Reached XP level 1. HP: 10/10 MP: 3/3
     0 | D:1      | magus.rc [v1.11.3]
   157 | D:1      | Reached skill level 4 in Earth Magic
   157 | D:1      | Reached XP level 2. HP: 8/15 MP: 0/5
   346 | D:1      | Learned a level 2 spell: Passwall
   658 | D:1      | Reached XP level 3. HP: 19/19 MP: 3/6
   662 | D:1      | Learned a level 3 spell: Stone Arrow
  1061 | D:1      | Found a faded altar of an unknown god.
  1502 | D:2      | Found Rul Tia's Antique Armour Shoppe.
  1944 | D:3      | Reached skill level 1 in Conjurations
  2194 | D:3      | Found the +4 robe of Augmentation {Str+4 Int+4 Dex+4}
  2386 | D:3      | Reached skill level 5 in Earth Magic
  2386 | D:3      | Reached XP level 4. HP: 24/24 MP: 5/7
  3021 | D:4      | Reached skill level 2 in Conjurations
  3022 | D:4      | Reached XP level 5. HP: 28/28 MP: 4/9
  3295 | D:4      | You pick up a book of Touch and begin reading...
  3295 | D:4      | You add the spells Static Discharge, Sticky Flame and
                  | Dispel Undead to your library.
  3423 | D:4      | You pick up a book of Debilitation and begin reading...
  3423 | D:4      | You add the spells Slow, Vampiric Draining and Confusing
                  | Touch to your library.
  3782 | D:4      | Found the +7 staff of the Meek {protect, meekguard}
  4031 | D:5      | Entered Level 5 of the Dungeon
  4036 | D:5      | Reached skill level 3 in Spellcasting
  4107 | D:5      | Reached XP level 6. HP: 33/33 MP: 7/10
  4110 | D:5      | Reached skill level 1 in Armour
  4110 | D:5      | Reached skill level 3 in Conjurations
  4194 | D:5      | Noticed an ice beast
  4203 | D:5      | Killed an ice beast
  4204 | D:5      | Reached skill level 1 in Fighting
  4204 | D:5      | Reached skill level 1 in Staves
  4204 | D:5      | Reached skill level 6 in Earth Magic
  4321 | D:5      | Noticed Duvessa
  4321 | D:5      | Noticed a black bear
  4353 | D:5      | Killed a black bear
  4354 | D:5      | Reached XP level 7. HP: 38/38 MP: 7/11
  4393 | D:5      | Found a staircase to the Ecumenical Temple.
  4444 | Temple   | Entered the Ecumenical Temple
  4796 | D:5      | Noticed Sigmund
  4810 | D:5      | Killed Sigmund
  4811 | D:5      | Reached skill level 2 in Fighting
  4811 | D:5      | Reached skill level 2 in Armour
  4811 | D:5      | Reached skill level 4 in Conjurations
  5175 | D:5      | Found a runed translucent door.
  5176 | D:5      | Noticed Crazy Yiuf
  5181 | D:5      | Killed Crazy Yiuf
  5223 | D:6      | Reached skill level 2 in Staves
  5237 | D:6      | Reached skill level 7 in Earth Magic
  5237 | D:6      | Reached XP level 8. HP: 45/45 MP: 7/13
  5467 | D:6      | Reached skill level 5 in Conjurations
  5546 | D:6      | Noticed a two-headed ogre
  5601 | D:6      | Reached skill level 3 in Fighting
  5601 | D:6      | Reached skill level 3 in Armour
  5700 | D:6      | Reached skill level 4 in Spellcasting
  5843 | D:6      | Reached skill level 8 in Earth Magic
  5861 | D:6      | Reached skill level 3 in Staves
  5861 | D:6      | Found an opulent altar of Gozag.
  6079 | D:6      | Killed a two-headed ogre
  6080 | D:6      | Reached skill level 4 in Fighting
  6080 | D:6      | Reached skill level 4 in Armour
  6080 | D:6      | Reached skill level 6 in Conjurations
  6080 | D:6      | Reached XP level 9. HP: 52/52 MP: 3/15
  6155 | D:7      | Identified a scroll of acquirement
  6155 | D:7      | Acquired the +1 ring mail of Gefebba {rElec Regen+ Int+6
                  | Slay-4}
  6258 | D:7      | Noticed a hornet
  6262 | D:7      | Killed a hornet
  6281 | D:7      | Reached skill level 9 in Earth Magic
  6664 | D:7      | Reached skill level 7 in Conjurations
  7082 | D:8      | Found a burning altar of Makhleb.
  7403 | D:8      | Reached skill level 4 in Staves
  7413 | D:8      | Reached skill level 5 in Spellcasting
  7413 | D:8      | Reached XP level 10. HP: 40/58 MP: 10/17
  7510 | D:8      | Found a runed translucent gate.
  7510 | D:8      | Found a runed translucent gate.
  7511 | D:8      | Found a runed translucent gate.
  7512 | D:8      | Noticed QuickerDeath's ghost (novice MeCj)
  7512 | D:8      | Noticed an 11-headed hydra
  7597 | D:8      | Reached skill level 5 in Fighting
  7653 | D:8      | Reached skill level 5 in Armour
  7839 | D:8      | Found an ornate altar of the Wu Jian Council.
  7852 | D:8      | Found a stormy altar of Qazlal.
  7859 | D:8      | Found a sacrificial altar of Ru.
  7859 | D:8      | Found a basalt altar of Yredelemnul.
  7866 | D:8      | Found a shimmering altar of Xom.
  7895 | D:8      | Became a worshipper of Ru the Awakened
  8419 | D:9      | Reached skill level 10 in Earth Magic
  8456 | D:9      | Reached skill level 8 in Conjurations
  8501 | D:9      | You pick up a book of the Tundra and begin reading...
  8501 | D:9      | You add the spells Hailstorm, Ice Form and Simulacrum to
                  | your library.
  8581 | D:9      | Noticed an elephant
  8596 | D:9      | Killed an elephant
  8599 | D:9      | Found a staircase to the Lair.
  8742 | D:9      | Reached skill level 5 in Staves
  8908 | D:9      | Found Notrery's Book Shop.
  8919 | D:9      | Learned a level 4 spell: Petrify
  9149 | D:9      | Reached skill level 9 in Conjurations
  9159 | D:9      | Reached skill level 11 in Earth Magic
  9159 | D:9      | Reached XP level 11. HP: 47/64 MP: 15/19
  9207 | D:9      | Reached skill level 6 in Fighting
  9266 | D:9      | Found a sparkling altar of Nemelex Xobeh.
  9435 | D:9      | Reached skill level 6 in Armour
  9592 | D:10     | Entered Level 10 of the Dungeon
  9622 | D:9      | HP: 15/64 [yak (5)]
  9624 | D:9      | HP: 5/64 [yak (11)]
  9627 | D:9      | Slain by a yak

Vanquished Creatures
  A two-headed ogre (D:6)
  An elephant (D:9)
  A troll (D:9)
  A hornet (D:7)
  A vampire (D:8)
  Sigmund (D:5)
  17 yaks
  2 water moccasins (D:6)
  4 orc warriors
  4 ice beasts
  4 black bears
  An ogre (D:6)
  4 centaurs
  A phantom (D:6)
  2 bullfrogs
  2 kobold brigands
  3 gnoll sergeants (D:9)
  A necrophage (D:6)
  4 scorpions
  2 howler monkeys (D:6)
  3 hounds
  Crazy Yiuf (D:5)
  4 orc priests
  A gnoll bouda (D:8)
  6 iguanas
  2 orc wizards
  19 gnolls
  4 adders
  A shadow imp (D:6)
  A white imp (D:5)
  2 ufetubi (D:5)
  3 worms
  3 dart slugs
  13 orcs
  3 endoplasms
  3 giant cockroaches
  6 goblins
  5 hobgoblins
  2 jackals (D:5)
  3 quokkas
  5 ball pythons
  2 bats (D:1)
  2 frilled lizards
  16 kobolds
  3 rats
170 creatures vanquished.

Vanquished Creatures (others)
  A fungus (D:9)
  35 plants
36 creatures vanquished.

Grand Total: 206 creatures vanquished

Table legend:
 A = Non-vault XP
 B = Vault XP
 C = Vault XP percentage of total XP
 D = Non-vault monster count
 E = Vault monster count
 F = Vault count percentage of total count
                 A         B        C        D         E       F
            +---------+---------+-------+---------+---------+-------
      Total |    7926 |    2720 |  25.5 |     156 |      14 |   8.2
            +---------+---------+-------+---------+---------+-------
        D:1 |      35 |       4 |  10.3 |      18 |       2 |  10.0
        D:2 |      47 |       0 |   0.0 |      11 |       0 |   0.0
        D:3 |      59 |       0 |   0.0 |      11 |       0 |   0.0
        D:4 |      64 |       0 |   0.0 |       5 |       0 |   0.0
        D:5 |     532 |     256 |  32.5 |      15 |       2 |  11.8
        D:6 |    1234 |     900 |  42.2 |      20 |       3 |  13.0
        D:7 |     926 |       0 |   0.0 |      15 |       0 |   0.0
        D:8 |    1647 |       0 |   0.0 |      19 |       0 |   0.0
        D:9 |    3382 |    1141 |  25.2 |      42 |       5 |  10.6
       D:10 |       0 |     419 | 100.0 |       0 |       2 | 100.0
            +---------+---------+-------+---------+---------+-------

Illustrated notes

Table legend:
 A = Kills in this place as a percentage of kills in entire the game.
 B = Kills by you in this place as a percentage of kills by you in the entire game.
 C = Kills by friends in this place as a percentage of kills by friends in the entire game.
 D = Other kills in this place as a percentage of other kills in the entire game.
 E = Experience gained in this place as a percentage of experience gained in the entire game.
 F = Experience gained in this place divided by the number of levels of this place that you have seen.
                   A       B       C       D       E      F
               +-------+-------+-------+-------+-------+----------------------
         Total | 100.0 | 100.0 |   N/A |   N/A | 100.0 | 967.8
       Dungeon | 100.0 | 100.0 |   N/A |   N/A | 100.0 | 1064.6
               +-------+-------+-------+-------+-------+----------------------

Table legend: (Time is in decaauts)
 A = Elapsed time spent in this place.
 B = Non-inter-level travel time spent in this place.
 C = Inter-level travel time spent in this place.
 D = Time resting spent in this place.
 E = Time spent auto-exploring this place.
 F = Levels seen in this place.
 G = Mean time per level.
                   A        B        C        D        E       F      G
               +--------+--------+--------+--------+--------+-----+--------+
         Total |   9778 |   9483 |    295 |    483 |   7748 |  11 |  888.9 |
       Dungeon |   9496 |   9219 |    277 |    483 |   7489 |  10 |  949.6 |
        Temple |    281 |    263 |     18 |      0 |    259 |   1 |  281.0 |
               +--------+--------+--------+--------+--------+-----+--------+

Top non-repeatable levels by time:
     D:9: 1315 daAuts
     D:8: 1267 daAuts
     D:1: 1179 daAuts
     D:4: 1045 daAuts
     D:3: 1002 daAuts
     D:6: 951 daAuts
     D:5: 935 daAuts
     D:7: 933 daAuts
     D:2: 839 daAuts
  Temple: 281 daAuts
    D:10: 25 daAuts
